 Dungeon Crawl Stone Soup version 0.31.0-9-g3a7656b989 (webtiles) character file.

Game seed: 17755577611365588821

109 EnegeticOcto the Ruffian (level 4, 45/45 HPs)
             Began as a Troll Monk on Jan 31, 2024.
             Quit the game on level 6 of the Dungeon.
             The game lasted 00:01:29 (2027 turns).

EnegeticOcto the Ruffian (Troll Monk)               Turns: 2027, Time: 00:01:30

Health: 45/45      AC:  4    Str: 19    XL:     4   Next: 59%
Magic:  3/3        EV: 10    Int:  6    God:
Gold:   203        SH:  0    Dex: 14    Spells: 3/3 levels left

rFire   . .          .
                       - Unarmed
rCold   . . .        c - orb {light}
rNeg    . . .        a - +0 robe
rPois   .            (helmet restricted)
rElec   .            (no cloak)
rCorr   .            (gloves unavailable)
SInv    .            (boots unavailable)
Will    .....        (no amulet)
Stlth   +            (no ring)
HPRegen 1.07/turn    (no ring)
MPRegen 0.08/turn

%: no passive effects
@: glowing
A: large, unfitting armour, claws 3, regeneration 1, shaggy fur 1, tough skin 1
a: no special abilities


You were on level 6 of the Dungeon.
You visited 1 branch of the dungeon, and saw 4 of its levels.

You collected 203 gold pieces.

Inventory:

Armour
 a - a +0 robe (worn)
 c - an orb of light (worn)
Jewellery
 g - a ring of protection from cold
   (You found it on level 1 of the Dungeon)
Wands
 o - a wand of quicksilver (7) {@v1}
   (You found it on level 3 of the Dungeon)
Scrolls
 d - a scroll of enchant weapon
 f - a scroll of noise {unknown}
 h - a scroll of teleportation {@r3 !r}
 j - a scroll of amnesia
 k - a scroll of silence {unknown}
 p - a scroll of acquirement {unknown}
Potions
 b - a potion of ambrosia
 e - 2 potions of heal wounds {unknown}
 i - a potion of resistance {unknown}
 l - 2 potions of might {unknown}
 m - a potion of lignification {unknown}
 n - a potion of mutation {unknown}


   Skills:
 + Level 3.0 Fighting
 + Level 3.0 Dodging
 * Level 4.3 Unarmed Combat


You had 3 spell levels left.
You didn't know any spells.
Your spell library contained the following spells:

 Spells                   Type           Power      Damage    Failure   Level
 Apportation              Tloc           0%         N/A       45%         1
 Ensorcelled Hibernation  Hex/Ice        0%         N/A       58%         2
 Jinxbite                 Hex            0%         N/A       58%         2
 Fugue of the Fallen      Necr           0%         N/A       83%         3
 Hailstorm                Conj/Ice       0%         3d5       83%         3
 Summon Ice Beast         Ice/Summ       0%         N/A       83%         3
 Anguish                  Hex/Necr       0%         N/A       99%         4
 Cause Fear               Hex            0%         N/A       99%         4
 Alistair's Intoxication  Alch           0%         N/A       100%        5
 Fireball                 Conj/Fire      0%         3d3       100%        5
 Sculpt Simulacrum        Ice/Alch       0%         N/A       100%        6
 Dragon's Call            Summ           0%         N/A       100%        9


Dungeon Overview and Level Annotations

Branches:
Dungeon (3/15) Zot: 21983

Altars:
Xom

Shops:
D:1 [


Innate Abilities, Weirdness & Mutations

You are too large for most types of armour.
You have claws for hands.
Your natural rate of healing is unusually fast.
You are covered in fur. (AC +1)
You have tough skin. (AC +1)


Message History

You see here a +0 club.
You open the door.
An endoplasm comes into view.
The endoplasm quivers.
Found an emerald potion.
There is an open door here.
You scratch the endoplasm.
The endoplasm is lightly wounded.
The endoplasm barely misses you.
You claw the endoplasm!
You kill the endoplasm!
No target in view!
No target in view!
No target in view!
No target in view!
l - 2 emerald potions (gained 1)
You open the door.
There is an open door here.
An adder comes into view.
The adder hisses angrily.
An adder is nearby!
An adder is nearby!
An adder is nearby!
An adder is nearby!
The adder bites you.
You claw the adder!
You kill the adder!
No target in view!
No target in view!
No target in view!
You open the door.
A quokka comes into view.
There is an open door here.
A quokka is nearby!
A quokka is nearby!
A frilled lizard comes into view.
The frilled lizard hisses angrily.
The quokka bites you but does no damage.
You scratch the quokka.
You kill the quokka!
Found 6 gold pieces.
You claw the frilled lizard!
You kill the frilled lizard!
No target in view!
You see here a frilled lizard corpse.
You now have 203 gold pieces (gained 6).
A bat comes into view.
A bat is nearby!
A bat is nearby!
The bat hits you.
You claw the bat!
You kill the bat!
No target in view!
No target in view!
No target in view!
No target in view!
p - a scroll labelled ZOUWEPHELIT You open the door.
Found a shimmering altar of Xom.
There is an open door here.
You open the door.
There is an open door here.
As you open the door, it creaks loudly!
No target in view!
No target in view!
No target in view!
No target in view!
No target in view!
No target in view!
No target in view!
No target in view!
There is an open door here.
You open the door.
There is an open door here.
You see here a quokka corpse.
You open the door.
There is an open door here.
You open the door.
There is an open door here.
A kobold comes into view. It is wielding a +0 short sword.
The kobold shouts!
A kobold is nearby!
A kobold is nearby!
A kobold is nearby!
A kobold is nearby!
The kobold hits you with a +0 short sword.
You claw the kobold!
You kill the kobold!
No target in view!
No target in view!
No target in view!
Things that are here:
a +0 short sword; a kobold corpse
Found a stone staircase leading down.
Found a dagger.
A malevolent force fills the Dungeon...
You fall into a shaft and drop 3 floors!
The shaft crumbles and collapses.
Found a glowing scarf.
Are you sure you want to abandon this character and quit the game? (Confirm with "yes".)

. ...
.....#######
.......@...+
...........#
...........#
.....##.[..#
..... #....#
.... ......
... .......
##. ........


There were no monsters in sight!

Vanquished Creatures
  An adder (D:3)
  2 dart slugs
  4 orcs (D:3)
  12 endoplasms
  3 giant cockroaches
  10 goblins
  9 hobgoblins
  4 jackals (D:1)
  4 quokkas
  5 ball pythons
  9 bats
  8 frilled lizards
  6 kobolds
  4 rats
81 creatures vanquished.

Notes
Turn   | Place    | Note
-------+----------+-------------------------------------------
     0 | D:1      | EnegeticOcto the Troll Monk began the quest for the Orb.
     0 | D:1      | Reached XP level 1. HP: 22/22 MP: 0/0
    97 | D:1      | Reached XP level 2. HP: 27/29 MP: 1/1
   297 | D:1      | Reached XP level 3. HP: 31/36 MP: 2/2
   328 | D:1      | Found Xuudipni's Armour Boutique.
   986 | D:2      | Identified the +0 pair of boots of the Morning {-Cast rC++
                  | Will+}
  1022 | D:2      | Reached skill level 4 in Unarmed Combat
  1173 | D:2      | Reached XP level 4. HP: 44/44 MP: 3/3
  1636 | D:3      | Reached skill level 3 in Dodging
  1640 | D:3      | Reached skill level 3 in Fighting
  1904 | D:3      | Found a shimmering altar of Xom.
  2026 | D:3      | You fall into a shaft and drop 3 floors!
  2027 | D:6      | Quit the game

Illustrated notes

Levels and vault maps discovered:
D:1:      evilmike_arrival_rings, layout_basic, serial_shops, shop
D:2:      minmay_evil_eye, layout_basic, st_stairs_3
D:3:      layout_basic, mainiacjoe_overflow_six_doors_small, glass_columns_a
D:6:      layout_gridville, mainiacjoe_overflow_paths, temple_doors_e,
          uniq_blork_the_orc, uniq_sigmund

Skill      XL: |  1  2  3  4 |
---------------+-------------+-----
Unarmed Combat | 4 |  4.3
Dodging        | 3 |  3.0
Fighting       | 3 |  3.0

Action                     |  1- 3 |  4- 6 || total
---------------------------+-------+-------++-------
  Melee: Unarmed           |    99 |    42 ||   141
    Use: Scroll            |       |     3 ||     3
 Armour: Robe              |    57 |    29 ||    86
  Dodge: Dodged            |    39 |    22 ||    61

Table legend:
 A = Kills in this place as a percentage of kills in the entire game.
 B = Kills by you in this place as a percentage of kills by you in the entire game.
 C = Kills by friends in this place as a percentage of kills by friends in the entire game.
 D = Other kills in this place as a percentage of other kills in the entire game.
 E = Experience gained in this place as a percentage of experience gained in the entire game.
 F = Experience gained in this place divided by the number of levels of this place that you have seen.
                   A       B       C       D       E      F
               +-------+-------+-------+-------+-------+----------------------
         Total | 100.0 | 100.0 |   N/A |   N/A | 100.0 |  39.0
       Dungeon | 100.0 | 100.0 |   N/A |   N/A | 100.0 |  39.0
               +-------+-------+-------+-------+-------+----------------------

Table legend: (Time is in decaauts)
 A = Elapsed time spent in this place.
 B = Non-inter-level travel time spent in this place.
 C = Inter-level travel time spent in this place.
 D = Time resting spent in this place.
 E = Time spent auto-exploring this place.
 F = Levels seen in this place.
 G = Mean time per level.
                   A        B        C        D        E       F      G
               +--------+--------+--------+--------+--------+-----+--------+
         Total |   2016 |   1924 |     92 |      0 |   1568 |   4 |  504.0 |
       Dungeon |   2016 |   1924 |     92 |      0 |   1568 |   4 |  504.0 |
               +--------+--------+--------+--------+--------+-----+--------+

Top non-repeatable levels by time:
     D:1: 720 daAuts
     D:2: 712 daAuts
     D:3: 583 daAuts
     D:6: 0 daAuts
